 Dungeon Crawl Stone Soup version 0.20-a0-903-g7e3609c (webtiles) character file.

7123 joejoepie the Magician (level 10, -6/76 HPs)
             Began as a Demonspawn Fire Elementalist on Mar 20, 2017.
             Was a Believer of Yredelemnul.
             Killed from afar by a deep elf mage (11 damage)
             ... with a lance of force
             ... on level 11 of the Dungeon.
             The game lasted 01:41:02 (14078 turns).

joejoepie the Magician (DsFE)                      Turns: 14078, Time: 01:41:03

Health: -6/76      AC: 14    Str: 14    XL:     10   Next: 85%
Magic:  19/20      EV: 13    Int: 18    God:    Yredelemnul [**....]
Gold:   610        SH:  0    Dex: 14    Spells: 8/23 levels left

rFire    . . .     SeeInvis .   p - +2 dagger (speed)
rCold    . . .     Gourm    +   B - +0 leather armour
rNeg     . . .     Faith    .   (no shield)
rPois    .         Spirit   .   u - +2 helmet "Daome" {Str+4}
rElec    .         Reflect  .   (no cloak)
rCorr    +         Harm     .   i - +1 pair of gloves
MR       .....                  (no boots)
Stlth    +++.......             q - amulet of the gourmand
Regen    0.3/turn               (no ring)
MPRegen  0.2/turn               N - ring of resist corrosion

@: exhausted, sanguine armour, slowed, very slow
A: spiny 2, sanguine armour 1
a: Animate Remains, Recall Undead Slaves, Injury Mirror, Renounce Religion


You were on level 11 of the Dungeon.
You worshipped Yredelemnul.
Yredelemnul was pleased with you.
You were very full.

You visited 2 branches of the dungeon, and saw 12 of its levels.
You also visited: Sewer.

You collected 610 gold pieces.

Inventory:

Hand Weapons
 d - a +1 glaive of protection
 e - a +1 falchion of slicing
 j - a +1 antimagic dagger
 l - a +1 shortbow of freezing
 p - a +2 dagger of speed (weapon)
 r - a cursed +0 scythe
 I - a cursed +0 great sword
 J - a +2 hand axe
Missiles
 f - 306 stones (quivered)
 x - 4 tomahawks
Armour
 a - a +0 robe
 i - a +1 pair of gloves (worn)
 o - a +0 hat
 s - a +0 helmet
 u - the +2 helmet "Daome" (worn) {Str+4}
   (You found it on level 7 of the Dungeon)

   It affects your strength (+4).
 v - a +0 robe
 w - a cursed +0 leather armour
 B - a +0 leather armour (worn)
 F - a +0 shield
 K - a +2 hat
 L - the +0 helmet "Suulaloq" {MR+ Stlth+}
   (You found it on level 7 of the Dungeon)

   It affects your resistance to hostile enchantments.
   It makes you more stealthy.
Magical Staves
 Q - an uncursed staff of wizardry {unknown}
Jewellery
 q - an amulet of the gourmand (around neck)
 N - a ring of resist corrosion (left hand)
Wands
 m - a wand of digging (24/24)
 S - a wand of iceblast (7/15)
 V - a wand of iceblast (14/15)
 W - a wand of disintegration (17/24)
Scrolls
 g - a scroll of immolation
 t - 3 scrolls of teleportation
 y - 5 scrolls of remove curse
 z - 4 scrolls of enchant armour
 G - 2 scrolls of amnesia
 P - 4 scrolls of identify
Potions
 n - a potion of ambrosia
 A - 2 potions of brilliance
 C - a potion of lignification
 E - a potion of agility
 M - a potion of flight {unknown}
 U - a potion of mutation {unknown}
Books
 b - a book of Flames

   Spells                             Type                      Level
   a - Flame Tongue                   Conjuration/Fire             1
   b - Throw Flame                    Conjuration/Fire             2
   c - Conjure Flame                  Conjuration/Fire             3
   d - Inner Flame                    Hexes/Fire                   3
   e - Sticky Flame                   Conjuration/Fire             4
   f - Fireball                       Conjuration/Fire             5
Comestibles
 c - 5 bread rations
 h - 4 royal jellies
 k - 9 meat rations
 R - 4 fruits


   Skills:
 * Level 6.2 Fighting
 * Level 5.5 Short Blades
 + Level 3.6 Armour
 + Level 3.6 Dodging
 * Level 6.6 Stealth
 + Level 7.1 Spellcasting
 + Level 6.0 Conjurations
 + Level 6.2 Fire Magic
 + Level 0.6 Invocations


You had 8 spell levels left.
You knew the following spells:

 Your Spells              Type           Power        Failure   Level  Hunger
a - Flame Tongue          Conj/Fire      ####.        1%          1    None
b - Throw Flame           Conj/Fire      ####..       1%          2    None
c - Conjure Flame         Conj/Fire      ####....     3%          3    ##.....
d - Fireball              Conj/Fire      ####......   34%         5    #####..
e - Sticky Flame          Conj/Fire      ####....     14%         4    ####...


Dungeon Overview and Level Annotations

Branches:
Dungeon (12/15)            Temple (1/1) D:5            Lair (0/6) D:10
    Orc: D:9-12

Altars:
Elyvilon
Fedhas
Hepliaklqana
Kikubaaqudgha
Makhleb
Nemelex Xobeh
Okawaru
Qazlal
Sif Muna
Trog
Uskayaw
Vehumet
Wu Jian
Xom
Yredelemnul


Innate Abilities, Weirdness & Mutations

You are mostly covered in sharp spines.
When seriously injured, your bleeding wounds create armour. (AC +6)


Message History

You feel a strong urge to attack something.
You see here a falchion.
You feel your anger subside.
You are no longer berserk.
You are exhausted.
You feel yourself slow down.
You hit the deep elf mage.
The deep elf mage is almost dead.
The deep elf mage is struck by your spines.
The deep elf mage closely misses you.
Casting: Flame Tongue
Confirm with . or Enter, or press ? or * to list all spells.
Aiming: Flame Tongue
Press: ? - help, Shift-Dir - straight line, f - deep elf mage
Aim: a deep elf mage, wielding a short sword and wearing a leather armour (almost dead)
The flame tongue hits the deep elf mage.
The deep elf mage is almost dead.
The deep elf mage points at you and mumbles some strange words.
The lance of force hits you!
You die...
Your body rises from the dead as a mindless zombie.

#
#...........####..###..#
#
#...#####..............#
# #...# #........#####.#
# #...# #...####.# #.# #
#...# #...# #.# #.# #
#...# #...# #.# #.# #
#.(.# #..<# #.# #.# #
#...# #.e.# #.# #.# #
#...# #.@.# #.# #.# #
#...# #...# #.# #.# #
#...# #.).# #.# #.# #
#...# #...# #.# #.# #
#...# #...# #.# #.# #
#.[.# #...# #.# #.# #
#...# #...# #.# #.# #
#...# #...# #.# #.# #
#...# #...# #.# #.#


You could see a deep elf mage.

Vanquished Creatures
  An ugly thing (D:11)
  Joseph (D:7)
  Grinder (D:6)
  Prince Ribbit (D:5)
  Eustachio (D:6)
  Sigmund (D:6)
  5 yaks (D:11)
  A wraith (D:10)
  2 hungry ghosts
  A warg (D:10)
  Menkaure (D:6)
  2 water moccasins (D:10)
  2 orc warriors
  Purgy (Sewer)
  4 ice beasts
  A black bear (D:10)
  An ogre (D:6)
  A phantom (D:4)
  5 centaurs
  Blork the orc (D:6)
  4 bullfrogs
  A big kobold (D:11)
  A wyvern zombie (D:6)
  A water moccasin skeleton (D:6)
  A scorpion (D:5)
  16 killer bees
  5 wights (D:6)
  4 crimson imps
  A bullfrog zombie (D:8)
  2 jellies
  A bullfrog skeleton (D:5)
  7 hounds
  4 orc wizards
  5 orc priests
  A centaur skeleton (D:4)
  4 iguanas
  8 worker ants
  A hound zombie (D:7)
  A hound skeleton (D:11)
  Robin (D:2)
  A howler monkey skeleton (D:4)
  4 gnolls (D:5)
  6 adders
  2 shadow imps
  2 oozes (D:4)
  An adder skeleton (D:6)
  An adder zombie (D:8)
  2 worms
  4 dart slugs
  10 leopard geckos
  35 orcs
  4 giant cockroaches
  7 hobgoblins
  14 jackals
  13 kobolds
  5 quokkas
  2 ball pythons
  9 bats
  9 frilled lizards
  17 goblins
  A jackal skeleton (D:7)
  A leopard gecko skeleton (D:5)
  13 rats
266 creatures vanquished.

Notes
Turn   | Place    | Note
-------+----------+-------------------------------------------
     0 | D:1      | joejoepie the Demonspawn Fire Elementalist began the quest for the Orb.
     0 | D:1      | Reached XP level 1. HP: 13/13 MP: 3/3
   246 | D:1      | Gained mutation: You are partially covered in sharp spines. [demonic ancestry]
   246 | D:1      | Reached XP level 2. HP: 4/19 MP: 0/5
  1087 | D:1      | Reached XP level 3. HP: 19/25 MP: 0/6
  1172 | D:1      | Learned a level 2 spell: Throw Flame
  1176 | D:1      | Learned a level 3 spell: Conjure Flame
  1689 | D:2      | Noticed Robin
  2009 | D:2      | Gained mutation: When seriously injured, your bleeding wounds create armour. (AC +6) [demonic ancestry]
  2009 | D:2      | Reached XP level 4. HP: 31/31 MP: 4/7
  2050 | D:2      | Killed Robin
  2498 | D:2      | Found a white marble altar of Elyvilon.
  2879 | D:2      | Found a sparkling altar of Nemelex Xobeh.
  3059 | D:2      | Reached skill level 1 in Fighting
  3059 | D:2      | Reached XP level 5. HP: 18/37 MP: 0/9
  3307 | D:3      | Found a hide-covered altar of Uskayaw.
  3312 | D:3      | Found an ancient bone altar of Kikubaaqudgha.
  3318 | D:3      | Reached skill level 3 in Spellcasting
  3661 | D:3      | Reached skill level 1 in Short Blades
  4074 | D:4      | Found Deimn's Assorted Antiques.
  4476 | D:4      | Noticed a phantom
  4507 | D:4      | Killed a phantom
  4507 | D:4      | Reached XP level 6. HP: 31/43 MP: 1/11
  4608 | D:4      | Found a glowing drain.
  4619 | Sewer    | Entered a sewer
  4676 | Sewer    | Noticed Purgy
  4701 | Sewer    | Killed Purgy
  4701 | Sewer    | Reached skill level 1 in Armour
  5169 | D:5      | Entered Level 5 of the Dungeon
  5172 | D:5      | Noticed Prince Ribbit
  5183 | D:5      | Killed Prince Ribbit
  5183 | D:5      | Reached XP level 7. HP: 12/51 MP: 5/12
  5478 | D:5      | Reached skill level 4 in Spellcasting
  6049 | D:5      | Found a hazy altar of Hepliaklqana.
  6258 | D:5      | Found a staircase to the Ecumenical Temple.
  6270 | Temple   | Entered the Ecumenical Temple
  6297 | Temple   | Became a worshipper of Yredelemnul the Dark
  6376 | D:5      | Found a shimmering altar of Xom.
  6495 | D:5      | Found a bloodstained altar of Trog.
  6790 | D:6      | Gained mutation: You are mostly covered in sharp spines. [demonic ancestry]
  6790 | D:6      | Reached XP level 8. HP: 42/58 MP: 7/14
  7408 | D:6      | Noticed Sigmund
  7445 | D:6      | Killed Sigmund
  7626 | D:6      | Noticed Blork the orc
  7951 | D:6      | Killed Blork the orc
  8034 | D:6      | Noticed Menkaure
  8127 | D:6      | Killed Menkaure
  8177 | D:6      | Reached * piety under Yredelemnul
  8177 | D:6      | Reached skill level 5 in Spellcasting
  8318 | D:6      | Noticed Grinder
  8319 | D:6      | Paralysed by Grinder for 3 turns
  8337 | D:6      | Killed Grinder
  8337 | D:6      | Reached XP level 9. HP: 41/65 MP: 4/16
  8791 | D:6      | Noticed Eustachio
  8801 | D:6      | Killed Eustachio
  9319 | D:7      | Reached skill level 5 in Stealth
  9553 | D:7      | Found an iron altar of Okawaru.
  9847 | D:7      | Found an ornate altar of the Wu Jian Council.
  9854 | D:7      | Noticed Joseph
  9864 | D:7      | Reached ** piety under Yredelemnul
 10065 | D:7      | Killed Joseph
 10065 | D:7      | Reached skill level 6 in Spellcasting
 10363 | D:7      | Got a bloodstained helmet
 10364 | D:7      | Identified the +0 helmet "Suulaloq" {MR+ Stlth+} (You found it on level 7 of the Dungeon)
 10384 | D:7      | Reached skill level 5 in Fire Magic
 10391 | D:7      | Found a deep blue altar of Sif Muna.
 10414 | D:7      | Reached skill level 5 in Fighting
 10414 | D:7      | Reached skill level 5 in Conjurations
 10867 | D:7      | Got a transparent helmet
 10878 | D:7      | Identified the +2 helmet "Daome" {Str+4} (You found it on level 7 of the Dungeon)
 11092 | D:8      | Reached XP level 10. HP: 74/74 MP: 10/19
 11636 | D:8      | You fall through a shaft for 3 floors!
 11649 | D:11     | Reached skill level 5 in Short Blades
 11769 | D:11     | Noticed a brown ugly thing
 12771 | D:12     | Noticed a two-headed ogre
 13007 | D:11     | Killed a brown ugly thing
 13228 | D:10     | Entered Level 10 of the Dungeon
 13256 | D:10     | Learned a level 5 spell: Fireball
 13261 | D:10     | Learned a level 4 spell: Sticky Flame
 13371 | D:10     | Reached skill level 7 in Spellcasting
 13954 | D:10     | Found a stormy altar of Qazlal.
 14041 | D:10     | Found a staircase to the Lair.
 14044 | D:10     | Noticed a deep elf mage
 14072 | D:11     | HP: 5/114 [deep elf mage/lance of force (5)]
 14078 | D:11     | Killed from afar by a deep elf mage

Vault maps used:
D:1:      eino_arrival_cavern_b, minmay_tromino_v2
D:2:      kennysheep_goblin_castle, lemuel_round_altar,
          nicolae_overflow_hidden_temple
D:3:      grunt_temple_overflow_open, first_bread
D:4:      portal_sewer_entry_f, serial_shops, nicolae_shop_crystal
D:5:      nicolae_overflow_crystal_walls, lemuel_round_altar,
          lemuel_round_altar, minmay_temple_entry_glassed_door,
          hangedman_decor_opposing, uniq_prince_ribbit1
D:6:      uniq_grinder, uniq_menkaure, uniq_blork_the_orc, uniq_eustachio,
          uniq_sigmund
D:7:      kennysheep_mini_moat, lemuel_crystal_altar, kennysheep_mini,
          uniq_joseph
D:10:     erik_lair_orcish_takeover, lemuel_statue_altar
D:12:     due_megacathedral, basic_altar
Temple:   jpeg_temple_clearing
Sewer:    sewer_big_baddie

Skill      XL: |  1  2  3  4  5  6  7  8  9 10 |
---------------+-------------------------------+-----
Dodging        | 2 3 |  3.6
Fire Magic     | 3 4 5 6 |  6.2
Conjurations   | 2 3 4 5 6 |  6.0
Fighting       | 1 2 3 4 5 6 |  6.2
Spellcasting   | 3 4 5 6 7 |  7.1
Short Blades   | 1 2 3 4 5 |  5.5
Stealth        | 2 3 4 5 6 |  6.6
Armour         | 1 2 3 |  3.6
Invocations    | |  0.6

Action                   |  1- 3 |  4- 6 |  7- 9 | 10-12 || total
-------------------------+-------+-------+-------+-------++-------
Melee: Dagger            |    54 |    52 |   227 |    75 ||   408
       Unarmed           |     3 |       |       |       ||     3
 Cast: Flame Tongue      |    56 |    66 |   163 |   106 ||   391
       Throw Flame       |    14 |    53 |    86 |    52 ||   205
       Conjure Flame     |     2 |       |     1 |       ||     3
       Fireball          |       |       |       |     1 ||     1
Invok: Injury Mirror     |       |       |       |     1 ||     1
       Recall Undead Sla |       |       |       |     1 ||     1
  Use: Scroll            |     2 |     9 |    12 |     3 ||    26
       Potion            |       |    10 |     4 |     3 ||    17
 Stab: Sleeping          |     1 |       |       |     1 ||     2
  Eat: Chunk             |     5 |    24 |    19 |    14 ||    62
Armor: Robe              |    22 |    10 |       |       ||    32
       Leather armour    |       |    20 |    54 |    36 ||   110
Dodge: Dodged            |    61 |    41 |   130 |    69 ||   301
